 Dungeon Sprint DCSS version 0.25-a0-413-g3b4b6a4ccc (webtiles) character file.

Game seed: 5123309114625039342, levelgen mode: deterministic

422 wilfster70 the Carver (level 6, 0/55 HPs)
             Began as a Demonspawn Berserker on Jan 15, 2020.
             Was a Believer of Trog.
             Succumbed to Sonja's curare-tipped dart
             ... in the Dungeon (Sprint I: "Red Sonja").
             The game lasted 00:01:37 (434 turns).

wilfster70 the Carver (Demonspawn Berserker)         Turns: 434, Time: 00:01:38

Health: 0/55       AC:  5    Str: 19    XL:     6   Next: 63%
Magic:  6/6        EV: 15    Int:  8    God:    Trog [**....]
Gold:   311        SH:  0    Dex: 13    Spells: 5/5 levels left

rFire    . . .     SeeInvis .   a - +0 falchion
rCold    + . .     Gourm    .   (no shield)
rNeg     . . .     Faith    .   k - +0 leather armour {rC+}
rPois    .         Spirit   .   (no helmet)
rElec    .         Reflect  .   (no cloak)
rCorr    .         Harm     .   (no gloves)
MR       .....     NoTele   +   (no boots)
Stlth    +.........             (no amulet)
HPRegen  0.18/turn              (no ring)
MPRegen  0.10/turn              (no ring)

@: lethally poisoned (0 -> -65), berserk cooldown, slowed, very slow
A: molten scales 1, demonic guardian 1
a: Berserk, Trog's Hand, Renounce Religion


You were in the Dungeon.
You worshipped Trog.
Trog was pleased with you.
You were hungry.

You visited 1 branch You collected 311 gold pieces.

Inventory:

Hand Weapons
 a - a +0 falchion (weapon)
Armour
 k - a +0 leather armour of cold resistance (worn)
Wands
 l - a wand of random effects (10)
Scrolls
 i - a scroll of blinking
Potions
 b - a potion of mutation {unknown}
 d - a potion of curing
 e - a potion of heal wounds
 f - a potion of haste
 g - 2 potions of magic
 h - a potion of berserk rage
Comestibles
 c - a ration


   Skills:
 + Level 7.1 Fighting
 * Level 8.8 Long Blades
 + Level 6.1 Armour
 + Level 6.1 Dodging


You had 5 spell levels left.
You didn't know any spells.
Your spell library was empty.

Dungeon Overview and Level Annotations

Branches:
Dungeon (1/1)

Altars:
Cheibriados
Dithmenos
Elyvilon
Fedhas
Gozag
Hepliaklqana
Kikubaaqudgha
Nemelex Xobeh
Okawaru
Qazlal
Ru
Sif Muna
Trog
Uskayaw
Vehumet
Wu Jian
Yredelemnul
Zin
The Shining One

Shops:
D (

Annotations:
D Sonja


Innate Abilities, Weirdness & Mutations

You are partially covered in molten scales. (AC +2)
A weak demonic guardian rushes to your aid.


Message History

Sonja throws a curare-tipped dart.
The curare-tipped dart hits you.
You are more poisoned.
You have difficulty breathing.
* * * LOW HITPOINT WARNING * * *
You feel yourself slow down.
Things that are here:
a curare-tipped dart; 27 gold pieces
* * * LOW HITPOINT WARNING * * *
You feel very sick.
Sonja throws a curare-tipped dart.
The curare-tipped dart hits you.
You are more poisoned.
You have difficulty breathing.
* * * LOW HITPOINT WARNING * * *
You feel as though you will be slow longer.
Your iron imp barely misses Sonja.
You see here 27 gold pieces.
You feel your anger nearly subside.
You are no longer berserk.
You are exhausted.
You feel as though you will be slow longer.
You die...

#.[####..#...#.#
#..#__####..##.#
#..#_____##'#_.+
#⌠⌠#_.∩...'..._#
####_..__##_5#+#
#_____###'#
#########K##
+$.(+ #$@$#
##.## #+#


You could see Sonja and a friendly iron imp.

Vanquished Creatures
  Sigmund (D)
  A yak (D)
  An ogre (D)
  A jelly (D)
  Ijyb (D)
5 creatures vanquished.

Notes
Turn   | Place    | Note
-------+----------+-------------------------------------------
     0 | D        | wilfster70 the Demonspawn Berserker began the quest for the
                  | Orb.
     0 | D        | Reached XP level 1. HP: 18/18 MP: 1/1
     1 | D        | Noticed Ijyb
    12 | D        | Killed Ijyb
    12 | D        | Reached skill level 4 in Long Blades
    12 | D        | Gained mutation: You are partially covered in molten
                  | scales. (AC +2) [demonic ancestry]
    12 | D        | Reached XP level 2. HP: 25/25 MP: 2/2
    77 | D        | Noticed an ogre
    80 | D        | Killed an ogre
    80 | D        | Reached skill level 5 in Fighting
    80 | D        | Reached skill level 5 in Long Blades
    80 | D        | Gained mutation: A weak demonic guardian rushes to your
                  | aid. [demonic ancestry]
    80 | D        | Reached XP level 3. HP: 33/33 MP: 3/3
    80 | D        | Reached XP level 4. HP: 39/39 MP: 4/4
   120 | D        | Noticed Sigmund
   129 | D        | Killed Sigmund
   129 | D        | Reached ** piety under Trog
   129 | D        | Reached skill level 7 in Long Blades
   129 | D        | Reached skill level 5 in Armour
   129 | D        | Reached skill level 5 in Dodging
   129 | D        | Reached XP level 5. HP: 46/46 MP: 5/5
   166 | D        | Found a shimmering blue altar of Sif Muna.
   167 | D        | Found an ornate altar of the Wu Jian Council.
   168 | D        | Found a radiant altar of Vehumet.
   175 | D        | Reached XP level 6. HP: 47/53 MP: 6/6
   196 | D        | Found Tuessubb's Weapon Emporium.
   196 | D        | Found an ancient bone altar of Kikubaaqudgha.
   196 | D        | Found a hazy altar of Hepliaklqana.
   196 | D        | Found a hide-covered altar of Uskayaw.
   196 | D        | Found a basalt altar of Yredelemnul.
   196 | D        | Found an opulent altar of Gozag.
   196 | D        | Found a snail-covered altar of Cheibriados.
   196 | D        | Found a sacrificial altar of Ru.
   196 | D        | Found a shadowy altar of Dithmenos.
   196 | D        | Noticed a yak
   205 | D        | Killed a yak
   205 | D        | Reached skill level 8 in Long Blades
   206 | D        | Found a stormy altar of Qazlal.
   206 | D        | Found a blossoming altar of Fedhas.
   206 | D        | Found a bloodstained altar of Trog.
   206 | D        | Found an iron altar of Okawaru.
   206 | D        | Found a glowing golden altar of the Shining One.
   206 | D        | Found a glowing silver altar of Zin.
   206 | D        | Found a white marble altar of Elyvilon.
   207 | D        | Found a sparkling altar of Nemelex Xobeh.
   420 | D        | Noticed Sonja
   434 | D        | Succumbed to Sonja's curare-tipped dart

Levels and vault maps discovered:
D:        dungeon_sprint_1 [red_sonja_temple_1, red_sonja_temple_small_1]

Skill      XL: |  1  2  3  4  5  6 |
---------------+-------------------+-----
Long Blades    | 4 5 7 8 |  8.8
Armour         | 2 4 5 6 |  6.1
Dodging        | 2 4 5 6 |  6.1
Fighting       | 5 6 7 |  7.1

Action                   |  1- 3 |  4- 6 || total
-------------------------+-------+-------++-------
Melee: Falchion          |    11 |    26 ||    37
Invok: Berserk           |     2 |     3 ||     5
Evoke: Wand              |       |     1 ||     1
  Eat: Chunk             |       |     2 ||     2
Armor: Animal skin       |     1 |       ||     1
       Leather armour    |       |     6 ||     6
Dodge: Dodged            |     4 |    18 ||    22
       Rpst.: Falchion   |     1 |     2 ||     3

Table legend:
 A = Non-vault XP
 B = Vault XP
 C = Vault XP percentage of total XP
 D = Non-vault monster count
 E = Vault monster count
 F = Vault count percentage of total count
                 A         B        C        D         E       F
            +---------+---------+-------+---------+---------+-------
      Total |       0 |     603 | 100.0 |       0 |       5 | 100.0
            +---------+---------+-------+---------+---------+-------
          D |       0 |     603 | 100.0 |       0 |       5 | 100.0
            +---------+---------+-------+---------+---------+-------
